Map: 匹昂台地

Players

梦断烟雨 - Winner!

  • Race: Terran Terran
  • League: Gold

Quail

  • Race: Protoss Protoss
  • League: Diamond

VOD

Have the link to the VOD?

Description

Time

  • Played on: Dec. 5, 2015, 6:18 a.m.
  • Length: 15:09
Show
View Real Time Build Order
Export as new Build Order

梦断烟雨 Terran - Winner!

Build Orders: MMM Bio 

Get SALT Encoding   

  12  0:01  SCV  
  13  0:13  SCV  
  14  0:24  Supply Depot  
  14  0:25  SCV  
  15  0:33  Refinery  
  15  0:45  SCV  
  16  0:50  Barracks  
  16  0:57  SCV  
  17  1:11  SCV, Supply Depot  
  18  1:19  Barracks  
  18  1:23  SCV  
  19  1:27  Refinery  
  19  1:35  SCV  
  20  1:44  Reaper  
  21  1:47  Orbital Command  
  21  2:07  Factory  
  21  2:11  Barracks Tech Lab  
  21  2:13  SCV  
  22  2:25  SCV, Marine  
  24  2:32  Stimpack  
  24  2:35  Marine  
  26  2:37  SCV  
  26  2:49  SCV  
  27  2:57  Marine  
  27  2:58  Marine  
  29  3:03  Starport  
  28  3:06  Widow Mine  
  30  3:15  Marine  
  30  3:16  Supply Depot  
  31  3:39  Engineering Bay  
  31  3:41  Command Center  
  31  3:42  Starport Reactor  
  31  3:43  Supply Depot  
  31  4:04  Marauder  
  31  4:08  Liberator  
  31  4:09  Barracks  
  34  4:16  Terran Infantry Weapons Level 1  
  34  4:17  Barracks Reactor  
  33  4:21  Medivac  
  37  4:28  Marauder  
  40  4:34  Missile Turret  
  40  4:38  Concussive Shells  
  40  4:42  SCV  
  33  5:20  SCV, Orbital Command  
  34  5:30  Barracks Reactor  
  34  5:31  Marine x2  
  36  5:38  Combat Shields  
  26  6:13  Marauder, Marine x4  
  29  6:22  SCV x2  
  31  6:30  Medivac  
  31  6:31  Marine  
  34  6:38  Marauder  
  36  6:46  SCV x2  
  38  6:49  Missile Turret  
  38  7:02  Medivac  
  38  7:03  Medivac  
  38  7:06  SCV x2  
  44  7:15  Terran Infantry Armor Level 1  
  44  7:18  SCV x2  
  46  7:24  Factory Reactor  
  46  7:26  Marauder  
  46  7:27  Marine x4  
  52  7:34  Supply Depot  
  52  7:39  Missile Turret  
  52  7:53  SCV x2  
  52  7:56  Marine x2, Marauder  
  52  7:57  Marine  
  59  8:05  SCV x2  
  61  8:25  SCV x2  
  61  8:26  Marine x4, Marauder  
  69  8:33  Supply Depot  
  67  9:02  Marauder, Marine x3  
  70  9:03  Marine  
  70  9:04  Medivac x2  
  77  9:20  Armory  
  77  9:21  Engineering Bay  
  77  9:23  SCV  
  78  9:27  Widow Mine x2  
  78  9:28  SCV  
  83  9:35  SCV  
  84  9:40  SCV, Marine  
  84  9:41  Marauder, Marine x3  
  91  9:54  SCV x2  
  91  9:56  Refinery  
  91  9:57  Refinery  
  91  9:58  Marine  
  94  10:07  Supply Depot  
  94  10:10  Supply Depot x2  
  94  10:28  Marine x3  
  94  10:29  Marauder  
  94  10:35  Marine  
  100  10:46  Marine  
  100  10:54  Marine x2  
  100  10:55  Widow Mine x2  
  106  10:58  Marauder  
  106  11:00  SCV x2  
  106  11:02  Medivac x2  
  114  11:12  SCV x2  
  116  11:19  Marauder  
  118  12:23  Marine x2  
  118  12:25  Marine  
  118  12:26  Marine  
  118  12:28  Marauder  
  104  12:40  Supply Depot, Widow Mine x2  
  104  12:41  Supply Depot, Marine x2  
  104  12:42  Marine  
  104  12:44  Marine  
  107  12:49  Marauder  
  95  13:02  Marine x2  
  95  13:03  Marine x2  
  95  13:04  Medivac x2  
  103  13:07  Supply Depot, Starport  
  103  13:11  Marauder  
  103  13:12  Terran Ship Weapons Level 1  
  105  13:20  Marine  
  106  13:28  Widow Mine x2  
  106  13:29  Marine  
  106  13:30  Marine x2  
  106  13:32  Marauder  
  98  13:50  Marine x3  
  98  13:51  Marine  
  96  13:58  Marauder  
  89  14:08  Marine x3  
  83  14:15  Marine  
  84  14:19  Marauder  
  84  14:26  Marine  
Show
View Real Time Build Order
Export as new Build Order

Quail Protoss 

Build Orders: Oracle Opening 

Get SALT Encoding   

  12  0:01  Probe (Chrono Boost)  
  13  0:11  Probe (Chrono Boost)  
  14  0:17  Pylon  
  14  0:22  Probe (Chrono Boost)  
  16  0:35  Probe (Chrono Boost)  
  16  0:37  Gateway  
  16  0:44  Assimilator  
  16  0:46  Probe (Chrono Boost)  
  17  0:57  Probe (Chrono Boost)  
  18  1:07  Probe (Chrono Boost)  
  19  1:29  Probe (Chrono Boost)  
  19  1:30  Cybernetics Core  
  19  1:31  Assimilator  
  21  1:40  Probe (Chrono Boost), Pylon  
  21  1:45  Gateway  
  21  1:51  Probe (Chrono Boost)  
  22  2:02  Probe (Chrono Boost)  
  23  2:10  Pylon  
  23  2:13  Mothership Core (Chrono Boost)  
  25  2:16  Stalker  
  27  2:31  Gateway, Probe (Chrono Boost)  
  28  2:39  Stargate  
  28  2:47  Probe (Chrono Boost)  
  28  2:49  Stalker  
  31  2:57  Probe (Chrono Boost)  
  31  3:05  Stalker  
  33  3:08  Probe (Chrono Boost)  
  34  3:16  Pylon  
  36  3:26  Oracle (Chrono Boost)  
  37  3:33  Adept  
  39  3:35  Adept  
  41  3:44  Gateway  
  41  3:45  Pylon  
  41  3:53  Warp Gate  
  40  4:10  Stalker  
  42  4:24  Nexus  
  42  4:28  Pylon  
  42  4:38  Void Ray (Chrono Boost)  
  46  4:42  Probe  
  47  5:08  Stalker x3  
  53  5:23  Void Ray (Chrono Boost)  
  53  5:26  Pylon  
  57  5:37  Probe  
  57  5:38  Probe  
  59  5:47  Probe  
  60  5:50  Probe  
  61  5:58  Twilight Council  
  61  5:59  Probe  
  61  6:02  Probe  
  63  6:10  Probe  
  58  6:19  Probe  
  58  6:20  Probe  
  60  6:26  Pylon  
  60  6:29  Pylon  
  60  6:31  Probe  
  61  6:33  Pylon  
  61  6:36  Blink (Chrono Boost)  
  61  6:39  Probe  
  61  6:43  Probe  
  63  6:50  Probe  
  64  6:55  Probe  
  64  6:59  Pylon  
  65  7:01  Assimilator  
  65  7:02  Adept  
  65  7:03  Adept  
  65  7:05  Assimilator  
  69  7:20  Fleet Beacon  
  69  7:22  Gateway  
  69  7:26  Probe  
  69  7:27  Probe  
  71  7:38  Pylon  
  71  7:42  Adept  
  71  7:43  Adept  
  75  7:50  Probe  
  75  7:51  Probe  
  77  8:00  Probe  
  77  8:03  Probe  
  79  8:11  Probe  
  79  8:15  Probe  
  81  8:20  Stalker x3  
  81  8:25  Forge  
  87  8:30  Resonating Glaives (Chrono Boost)  
  87  8:34  Tempest  
  91  8:55  Stalker  
  91  8:56  Stalker x3  
  97  9:06  Pylon  
  97  9:20  Nexus  
  97  9:23  Pylon  
  97  9:30  Templar Archives  
  97  9:35  Pylon  
  97  9:43  Forge  
  97  9:44  Probe  
  97  9:45  Probe  
  99  9:54  Stalker x2  
  103  10:01  Pylon  
  103  10:06  Psionic Storm  
  103  10:10  High Templar  
  103  10:12  High Templar  
  107  10:14  High Templar  
  109  10:27  Void Ray  
  110  10:32  Stalker  
  101  10:53  Probe x2  
  101  10:55  Probe  
  104  11:00  Pylon  
  104  11:03  High Templar x2  
  108  11:05  Stalker  
  108  11:07  Stalker  
  111  11:18  Pylon  
  111  11:20  Probe x2  
  111  11:22  Probe  
  114  11:32  Stalker x2  
  118  11:34  Probe  
  115  11:57  Adept  
  115  11:58  Adept x4  
  125  12:07  Robotics Facility  
  99  12:47  Adept x2  
  99  12:48  Adept x2  
  101  13:16  Nexus  
  101  13:27  High Templar  
  93  13:47  Stalker x3  
  33  14:42  Archon  
  27  15:07  Gateway  
Tags
 
Add a new tag
Caveats
  • Supply blocks, unpowered buildings, or Contaminate may cause inaccurate times.
  • Supply counts are checked every 10 seconds.